 Dungeon Crawl Stone Soup version 0.19-a0-1637-gfc13266 (webtiles) character file.

52 TheGoonsmith the Sneak (level 3, -2/16 HPs)
             Began as a Vine Stalker Enchanter on Sept 19, 2016.
             Slain by a gnoll
             ... wielding a +0 spear
              (3 damage)
             ... on level 1 of the Dungeon.
             The game lasted 00:04:21 (2351 turns).

TheGoonsmith the Sneak (Vine Stalker Enchanter)     Turns: 2351, Time: 00:04:21

Health: -2/16      AC:  3    Str: 10    XL:     3   Next: 85%
Magic:  0/7        EV: 12    Int: 15    God:
Gold:   73         SH:  0    Dex: 15    Spells: 1 memorised, 5 levels left

rFire  + . .     SeeInvis .     a - +1 dagger
rCold  . . .     Gourm    .     b - +1 robe
rNeg   . . .     Faith    .     (no shield)
rPois  .         Spirit   +     (no helmet)
rElec  .         Dismiss  .     (no cloak)
rCorr  .         Reflect  .     (no gloves)
MR     .....     Harm     .     (no boots)
Stlth  +++.......               (no amulet)
                                n - ring of protection from fire
                                k - ring of stealth

@: no status effects
A: fangs 2, magic shield, antimagic bite, no device heal 3, rot immunity
a: no special abilities


You were on level 1 of the Dungeon.
You were not hungry.

You visited 1 branch of the dungeon, and saw 2 of its levels.

You collected 73 gold pieces.

Inventory:

Hand Weapons
 a - a +1 dagger (weapon)
Missiles
 l - 8 poisoned needles
Armour
 b - a +1 robe (worn)
Jewellery
 k - a ring of stealth (left hand)
 n - a ring of protection from fire (right hand)
Scrolls
 e - a scroll of noise {unknown}
 h - a scroll of amnesia {unknown}
 j - 3 scrolls of remove curse {unknown}
 r - 4 scrolls of identify
Potions
 f - 2 potions of cancellation
Books
 c - a book of Maledictions

   Spells                             Type                      Level
   a - Corona                         Hexes                        1
   b - Ensorcelled Hibernation        Hexes/Ice                    2
   c - Confuse                        Hexes                        3
   d - Tukima's Dance                 Hexes                        3
   e - Dazzling Spray                 Conjuration/Hexes            3
Comestibles
 d - a bread ration
 i - a slice of pizza


   Skills:
 * Level 3.2 Short Blades
 - Level 1.5 Dodging
 - Level 3.6 Stealth
 - Level 2.1 Spellcasting
 - Level 3.0 Hexes


You had 5 spell levels left.
You knew the following spells:

 Your Spells              Type           Power        Failure   Level  Hunger
a - Corona                Hex            ##.....      8%          1    #......


Dungeon Overview and Level Annotations

Branches:
Dungeon (2/15)

Altars:
Gozag


Innate Abilities, Weirdness & Mutations

You have extremely sharp teeth.
When hurt, damage is shared between your health and your magic reserves.
Your bite disrupts and absorbs the magic of your enemies.
Potions and wands cannot restore your health.
You are immune to rotting.


Message History

There is a stone staircase leading down here.
Unknown command.
Okay, then.
You hit the gnoll.
The gnoll is moderately wounded.
The gnoll closely misses you.
You hit the gnoll.
The gnoll is heavily wounded.
The gnoll hits you with a spear.
* * * LOW HITPOINT WARNING * * *
You hit the gnoll. You bite the gnoll, but do no damage.
The gnoll is severely wounded.
The gnoll barely misses you.
You barely miss the gnoll. You bite the gnoll, but do no damage.
The gnoll is severely wounded.
The gnoll closely misses you.
You hit the gnoll but do no damage. Your bite misses the gnoll.
The gnoll is severely wounded.
The gnoll hits you with a spear.
You die...

######...#####.#.#.#......#....#
..## #.........#.#.#..#.#...#####
##.###..#.######.#.#..#..........
##.##..#.#....#.#.#÷.#.#########
#.##..#.#.##.#.#.#............#
###.##..#+#.##.#.#.#.#.....####.#
.≈##.#.......#.#.#.#.#.###.# #.#
.§§#.#.......#.#g#.#.#.# #.# #.#
§§§#.#.........#@#.#.#.# #.# #.#
.g§'.#..#+#..###.#.#.#.# #.# #.#
.§§#.#..#......[.#.#.#.###.####..
§≈§#.#.............#.#.#.........
§§##.#.............#.#.#.#.####.#
####.#.#...........#.#.#.#.# #.#
#.##.#...........#.#...#.# #.#
##.##.'...........#.#####.# #.#
##.#####...........#.......# #.#


You could see a gnoll.

Vanquished Creatures
  An ooze (D:2)
  A worm (D:2)
  2 dart slugs
  A leopard gecko (D:1)
  A ball python (D:1)
  2 giant cockroaches (D:1)
  3 goblins
  5 hobgoblins
  6 jackals
  A quokka (D:2)
  5 bats
  A frilled lizard (D:2)
  A kobold (D:1)
  5 rats
35 creatures vanquished.

Notes
Turn   | Place    | Note
-------+----------+-------------------------------------------
     0 | D:1      | TheGoonsmith the Vine Stalker Enchanter began the quest for the Orb.
     0 | D:1      | Reached XP level 1. HP: 9/9 MP: 4/4
   199 | D:1      | Reached skill level 1 in Short Blades
   445 | D:1      | Reached XP level 2. HP: 13/13 MP: 6/6
   942 | D:1      | Reached XP level 3. HP: 16/16 MP: 7/7
  1891 | D:2      | Found an opulent altar of Gozag.
  2351 | D:1      | Slain by a gnoll

Vault maps used:
D:1:      dpeg_arrival_morbid_curiosity, minmay_pentomino_q4
D:2:      nicolae_gozag_seed_capital, serial_corexii_hall,
          corexii_hall_statues_i, corexii_hall_statues_u, minivault_26,
          kennysheep_another_room, serial_bayou_pond_a, due_unseen_surprise

Skill      XL: |  1  2  3 |
---------------+----------+-----
Short Blades   | 1 2 3 |  3.2
Dodging        | |  1.5
Stealth        | |  3.6
Spellcasting   | |  2.1
Hexes          | |  3.0

Action                   || total
-------------------------++-------
Melee: Dagger            ||   118
       Bite              ||    29
  Use: Scroll            ||     2
 Stab: Sleeping          ||     9
       Distracted        ||     1
  Eat: Chunk             ||     2
       Bread ration      ||     1
Armor: Robe              ||    22
Dodge: Dodged            ||    70
